 Dungeon Crawl Stone Soup version 0.16.1-16-gc44b35d (webtiles) character file.

123 jacksonaction the Caller (level 5, -3/38 HPs)
             Began as a Hill Orc Summoner on Apr 16, 2015.
             Shot with an arrow by a centaur (6 damage)
             ... on level 3 of the Dungeon.
             The game lasted 00:18:24 (2458 turns).

jacksonaction the Caller (Hill Orc Summoner)        Turns: 2458, Time: 00:18:24

Health: -3/38      AC:  2    Str: 11    XL:     5   Next: 7%
Magic:  2/11       EV: 12    Int: 16    God:
Gold:   115        SH:  0    Dex: 11    Spells: 4 memorised, 0 levels left

rFire  . . .     SeeInvis .     h - +4 dagger (venom)
rCold  . . .     Clarity  .     a - +0 robe
rNeg   . . .     SustAb   .     (no shield)
rPois  .         Gourm    .     (no helmet)
rElec  .         Spirit   .     (no cloak)
rCorr  .         Warding  .     (no gloves)
rMut   .         Stasis   .     (no boots)
MR     .....                    (no amulet)
Stlth  ++........               (no ring)
                                (no ring)

@: not resistant to hostile enchantments, unstealthy
A: no striking features
a: no special abilities


You were on level 3 of the Dungeon.
You were not hungry.

You visited 1 branch of the dungeon, and saw 3 of its levels.

You collected 115 gold pieces.

Inventory:

Hand weapons
 h - a +4 dagger of venom (weapon)
 l - a +2 dagger of distortion
Missiles
 d - 51 stones
 e - 10 tomahawks (quivered)
Armour
 a - a +0 robe (worn)
Scrolls
 f - a scroll of fear {unknown}
 i - 3 scrolls of remove curse {unknown}
 n - a scroll of teleportation {unknown}
 o - a scroll of magic mapping {unknown}
Potions
 g - a potion of agility
 j - a potion of poison {unknown}
 m - a potion of invisibility {unknown}
 p - a potion of cancellation {unknown}
 r - a potion of curing {unknown}
Books
 b - a book of Callings

   Spells                             Type                      Level
   a - Summon Small Mammal            Summoning                    1
   b - Call Imp                       Summoning                    2
   c - Call Canine Familiar           Summoning                    3
   d - Summon Guardian Golem          Hexes/Summoning              4
   e - Summon Lightning Spire         Summoning/Air                4
   f - Summon Ice Beast               Ice/Summoning                4
Comestibles
 c - 2 meat rations
 k - 2 beef jerkies
 q - a royal jelly
 s - 2 chunks of flesh


   Skills:
 - Level 1.7 Dodging
 - Level 1.5 Stealth
 + Level 3.1 Spellcasting
 + Level 4.9 Summonings


You couldn't memorise any spells.
You knew the following spells:

 Your Spells              Type           Power        Failure   Level  Hunger
a - Summon Small Mammal   Summ           ###.         2%          1    None
b - Call Imp              Summ           ###.....     4%          2    ##.....
c - Call Canine Familiar  Summ           ###.....     10%         3    ###....
d - Summon Ice Beast      Ice/Summ       ##......     75%         4    ####...


Dungeon Overview and Level Annotations

Branches:
Dungeon (3/15)

Altars:
Nemelex Xobeh
Okawaru
Ru


Message History

The centaur wields an uncursed shortbow.
The centaur shoots an arrow.
The arrow hits your hound!
Your hound dies!
Your hound's corpse disappears in a puff of smoke!
You swap places.
The centaur shoots an arrow.
The arrow hits your shadow imp!
Casting: Call Imp
Confirm with . or Enter, or press ? or * to list all spells.
A beastly little devil appears in a puff of flame.
The centaur shoots an arrow.
The arrow hits your shadow imp!
Your shadow imp dies!
Your crimson imp hits the centaur but does no damage.
You swap places.
The centaur shoots an arrow.
The arrow hits your crimson imp!
Your crimson imp blinks!
The centaur shoots an arrow.
The arrow hits your crimson imp!
Your crimson imp dies!
The centaur shoots an arrow.
The arrow hits you!
* * * LOW HITPOINT WARNING * * *
You see here an arrow.
The centaur shoots an arrow.
The arrow hits you.
You die...

#.....# #.(#
#######..##. #.....#
##.# ##.##.
#.....####..# #.##.
#...........#### #....
#.....###.#....## ###..
#.....# #.####..##
####.# #######
#.#####.5## ###.....
#.##...#.5## #.....##
#.##..@##..#####.<...#
###.##...###..........##
#...##...#
########.>.###
#.####...# ###.... #.#
#..(######## ###..
##.####.#.c((((c.# #..
#..#...)########ยง# ###
#<.(.#### ..[ ###..###
.....


You could see a centaur.

Vanquished Creatures
  An adder (D:2)
  A worm (D:2)
  An orc (D:3)
  2 bats
  2 kobolds
  A quokka (D:3)
  A rat (D:2)
9 creatures vanquished.

Vanquished Creatures (collateral kills)
  The ghost of Inchmeat the Firebug, an average GrFE (D:3)
  4 adders (D:2)
  A gnoll (D:1)
  A worm (D:2)
  2 giant geckos
  An ooze (D:3)
  2 orcs (D:3)
  7 bats
  3 giant cockroaches
  4 goblins
  6 hobgoblins
  2 kobolds (D:3)
  A quokka (D:3)
  A ball python (D:1)
  A giant newt (D:1)
  4 rats (D:1)
41 creatures vanquished.

Vanquished Creatures (others)
  A crimson imp (D:3)
  2 hounds
  2 shadow imps
  A white imp (D:3)
  7 bats (D:1)
  3 rats (D:1)
16 creatures vanquished.

Grand Total: 66 creatures vanquished

Notes
Turn   | Place    | Note
--------------------------------------------------------------
     0 | D:1      | jacksonaction, the Hill Orc Summoner, began the quest for the Orb.
     0 | D:1      | Reached XP level 1. HP: 14/14 MP: 2/2
   441 | D:1      | Reached XP level 2. HP: 20/20 MP: 0/3
   642 | D:1      | Learned a level 2 spell: Call Imp
  1106 | D:2      | Found a sacrificial altar of Ru.
  1190 | D:2      | Reached XP level 3. HP: 26/26 MP: 0/6
  1195 | D:2      | Learned a level 3 spell: Call Canine Familiar
  1334 | D:2      | Found a sparkling altar of Nemelex Xobeh.
  1893 | D:2      | Reached XP level 4. HP: 33/33 MP: 1/8
  2054 | D:3      | Found an iron altar of Okawaru.
  2205 | D:3      | Noticed Inchmeat's ghost (average GrFE)
  2221 | D:3      | Killed Inchmeat's ghost
  2221 | D:3      | Reached XP level 5. HP: 33/38 MP: 4/11
  2252 | D:3      | Learned a level 4 spell: Summon Ice Beast
  2440 | D:3      | Noticed a centaur
  2458 | D:3      | Shot with an arrow by a centaur

Action                   |  1- 3 |  4- 6 || total
-------------------------+-------+-------++-------
Melee: Unarmed           |    10 |       ||    10
       Dagger            |     7 |    10 ||    17
Throw: Stone             |    14 |       ||    14
       Tomahawk          |       |    10 ||    10
 Cast: Summon Small Mamm |    27 |       ||    27
       Call Imp          |    24 |    14 ||    38
       Call Canine Famil |     4 |     6 ||    10
  Eat: Chunk             |     5 |     4 ||     9
